AoeStats
← StuRat

Arena

509915227Analyzed
4v4 RM · 3d ago on Sep 28, 2026· 57m 46s· 8 players
Game mode
Random Map
Map size
Large (8 player)
Population
200
Speed
Normal
Resources
Standard
Victory
Conquest
Starting age
Dark Age
Ending age
Imperial Age
RankedLock teamsTeams togetherTeam positionsShared explorationLock speedFull tech treeHidden civsTurbo modeCheats
Victory
Defeat
🇺🇸 Danes · United States
1076
+15
🇹🇼 Varangians · Taiwan
1027
+17
🇺🇸 Mongols · United States
1003
+18
🇯🇵 Bohemians · Japan
996
+18
🇬🇧 Franks · United Kingdom
1073
-19
🇪🇬 Georgians · Egypt
1066
-18
🇩🇪 Gurjaras · Germany
1034
-16
🇫🇷 Franks · France
992
-15
Pandinus
0:44 Loom
11:19 Feudal Age
17:24 Castle Age
15:26 Double-Bit Axe
15:39 Horse Collar
16:51 Bloodlines
18:17 Husbandry
19:59 Scale Barding Armor
21:08 Wheelbarrow
21:37 Chain Barding Armor
21:05 Town Watch
24:00 Forging
27:36 Iron Casting
27:57 Fortified Wall
28:05 Bow Saw
27:58 Heavy Plow
28:46 Fletching
28:40 Treadmill Crane
29:13 Gold Mining
29:44 Kshatriyas
30:25 Bodkin Arrow
30:28 Murder Holes
30:38 Light Cavalry
31:40 Stone Mining
32:28 Gold Shaft Mining
34:57 Ballistics
38:12 Imperial Age
35:59 Hand Cart
36:26 Stone Shaft Mining
36:32 Masonry
36:35 Caravan
38:03 Town Patrol
39:49 Plate Barding Armor
40:01 Hussar
41:29 Conscription
42:25 Hoardings
42:41 Bracer
43:28 Arson
44:46 Scale Mail Armor
46:11 Chain Mail Armor
46:17 Elite Chakram Thrower
51:12 Chemistry
50:43 Architecture
51:28 Plate Mail Armor
Socrate78
10:32 Feudal Age
16:09 Castle Age
14:15 Double-Bit Axe
14:36 Scale Mail Armor
15:38 Wheelbarrow
15:47 Forging
17:08 Bow Saw
17:01 Gold Mining
20:28 Scale Barding Armor
20:48 Stone Mining
24:37 Fortified Wall
24:40 Masonry
28:57 Gold Shaft Mining
29:27 Hand Cart
28:43 Pikeman
29:45 Chain Mail Armor
33:55 Imperial Age
31:41 Padded Archer Armor
33:27 Squires
34:08 Iron Casting
33:50 Leather Archer Armor
33:56 Arson
35:03 Conscription
34:59 Halberdier
35:49 Ordonnance Companies
39:02 Elite Throwing Axeman
43:51 Plate Mail Armor
44:21 Blast Furnace
43:43 Chain Barding Armor
46:37 Cavalier
47:18 Husbandry
47:56 Plate Barding Armor
50:06 Paladin
52:14 Paladin
52:23 Paladin
StuRat
10:56 Feudal Age
12:12 Double-Bit Axe
15:16 Castle Age
13:12 Stone Mining
15:06 Gold Mining
16:45 Loom
18:18 Forging
26:14 Scale Mail Armor
27:53 Chain Mail Armor
32:10 Gold Shaft Mining
40:02 Iron Casting
45:55 Imperial Age
47:52 Imperial Age
45:19 Fletching
54:11 Imperial Age
52:05 Bow Saw
VeninLenin
10:41 Feudal Age
14:50 Castle Age
13:01 Double-Bit Axe
15:55 Bow Saw
15:49 Horse Collar
20:06 Town Watch
21:05 Wheelbarrow
20:16 Loom
21:07 Fervor
21:48 Gold Mining
23:30 Hand Cart
24:18 Stone Mining
24:34 Fletching
25:23 Bodkin Arrow
24:52 Crossbowman
26:33 Town Patrol
26:59 Heavy Plow
31:18 Imperial Age
29:13 Scale Barding Armor
29:59 Padded Archer Armor
30:16 Bloodlines
30:07 Husbandry
30:59 Chain Barding Armor
30:37 Guard Tower
30:59 Masonry
31:32 Svan Towers
31:51 Ballistics
32:24 Bracer
33:03 Plate Barding Armor
33:51 Forging
33:07 Elite Monaspa
34:29 Keep
35:09 Leather Archer Armor
35:57 Iron Casting
37:46 Arrowslits
39:04 Stone Shaft Mining
40:09 Blast Furnace
41:10 Chemistry
40:41 Architecture
41:22 Cavalier
50:12 Elite Skirmisher
Alaresun
11:27 Feudal Age
13:00 Double-Bit Axe
13:23 Horse Collar
13:45 Loom
17:14 Castle Age
15:37 Scale Mail Armor
16:47 Forging
19:21 Iron Casting
18:51 Squires
20:45 Wheelbarrow
22:37 Chain Mail Armor
23:49 Arson
24:25 Fletching
25:03 Bow Saw
25:08 Bodkin Arrow
28:35 Gold Mining
28:36 Stone Mining
30:35 Hand Cart
34:39 Imperial Age
33:48 Heavy Plow
34:42 Stone Shaft Mining
34:45 Gold Shaft Mining
33:58 Town Watch
35:18 Hamask
35:21 Elite Varangian Guard
36:39 Plate Mail Armor
37:19 Blast Furnace
37:04 Ballistics
42:58 Conscription
42:05 Elite Jomsviking
42:12 Elite Jomsviking
43:17 Caravan
46:42 Northmen's Fury
49:52 Murder Holes
50:00 Bracer
52:06 Hoardings
55:56 Town Patrol
55:29 Onager
56:18 Siege Engineers
56:25 Masonry
57:17 Chemistry
57:33 Siege Onager
tommy bobbins
10:15 Feudal Age
10:59 Loom
15:08 Castle Age
13:17 Double-Bit Axe
16:41 Horse Collar
21:08 Bow Saw
25:14 Wheelbarrow
25:09 Heavy Plow
25:57 Fletching
26:30 Gold Mining
30:25 Imperial Age
28:58 Bodkin Arrow
29:27 Padded Archer Armor
30:38 Murder Holes
31:10 Ballistics
31:43 Conscription
31:26 Bracer
31:43 Leather Archer Armor
31:43 Bloodlines
31:33 Husbandry
32:50 Chemistry
32:04 Capped Ram
33:36 Siege Engineers
34:32 Hand Cart
34:46 Siege Ram
36:28 Elite Mangudai
36:42 Light Cavalry
38:22 Hussar
39:54 Scale Barding Armor
40:00 Forging
43:43 Chain Barding Armor
43:58 Iron Casting
54:56 Blast Furnace
t45zeus
11:09 Feudal Age
15:18 Castle Age
13:22 Double-Bit Axe
13:57 Horse Collar
14:28 Loom
15:33 Loom
26:29 Squires
25:50 Pikeman
台南人
3:17 Loom
10:59 Feudal Age
12:16 Wheelbarrow
16:11 Castle Age
14:59 Double-Bit Axe
15:37 Stone Mining
15:38 Horse Collar
18:18 Gold Mining
19:02 Forging
23:30 Scale Barding Armor
24:36 Town Watch
25:45 Bow Saw
27:17 Hand Cart
28:15 Heavy Plow
34:08 Imperial Age
32:19 Iron Casting
31:45 Scale Mail Armor
32:18 Bloodlines
32:09 Husbandry
33:37 Chain Barding Armor
32:59 Light Cavalry
34:11 Chain Mail Armor
34:14 Hussar
35:44 Conscription
36:25 Plate Barding Armor
38:41 Blast Furnace
37:46 Gambesons
38:02 Squires
38:05 Fletching
38:46 Plate Mail Armor
38:59 Elite Varangian Guard
39:25 Arson
42:25 Fortified Wall
45:18 Chemistry
45:11 Crop Rotation
45:44 Two-Man Saw
44:30 Cavalier
45:26 Capped Ram
48:02 Fletching
48:26 Masonry
48:47 Siege Ram
50:11 Pikeman
51:43 Gothikon
51:45 Elite Jarl
53:52 Padded Archer Armor
Connection lost

Rejoining the realm…

Still unreachable

The connection could not be restored.

Session expired

The server has moved on; the page needs a fresh start.